 Dungeon Crawl Stone Soup version 0.29-a0-297-g7659ce593d (console) character file.

Game seed: 16960320858070491334

1611 Ignak the Skirmisher (level 8, -1/81 HPs)
             Began as an Ogre Warper on Mar 22, 2022.
             Slain by a killer bee (7 damage)
             ... on level 5 of the Dungeon.
             The game lasted 00:14:12 (8814 turns).

Ignak the Skirmisher (Ogre Warper)                  Turns: 8814, Time: 00:14:12

Health: -1/81      AC:  5    Str: 18    XL:     8   Next: 95%
Magic:  13/15      EV: 10    Int: 14    God:
Gold:   339        SH:  0    Dex:  8    Spells: 4/16 levels left

rFire   . . .      SeeInvis .   s - +0 morningstar
rCold   . . .      Faith    .   (no shield)
rNeg    . . .      Spirit   .   r - +2 robe {Will+}
rPois   +          Reflect  .   (helmet restricted)
rElec   .          Harm     .   (no cloak)
rCorr   .          Rampage  .   (gloves unavailable)
Will    +....                   (boots unavailable)
Stlth   +.........              (no amulet)
HPRegen 0.23/turn               m - ring of poison resistance
MPRegen 0.14/turn               (no ring)

@: no status effects
A: large, unfitting armour, tough skin 1
a: no special abilities


You were on level 5 of the Dungeon.
You visited 1 branch of the dungeon, and saw 6 of its levels.

You collected 339 gold pieces.

Inventory:

Hand Weapons
 j - a +0 dagger of holy wrath
 k - a +0 giant spiked club
 q - a +0 giant club
 s - a +0 morningstar (weapon)
Missiles
 d - 7 boomerangs of dispersal
 e - 2 datura-tipped darts
 o - 3 boomerangs (quivered)
 u - a throwing net
Armour
 b - a +0 robe
 r - a +2 robe of willpower (worn)
Jewellery
 m - a ring of poison resistance (left hand)
 p - a ring of flight
Wands
 f - a wand of polymorph (3)
Scrolls
 c - a scroll of blinking
 h - a scroll of enchant armour
 l - a scroll of amnesia
 n - 2 scrolls of enchant weapon
 t - a scroll of identify
 v - 2 scrolls of teleportation
Potions
 a - 3 potions of magic
 g - 4 potions of flight
 w - a potion of heal wounds


   Skills:
 + Level 5.6 Fighting
 * Level 5.2 Maces & Flails
 - Level 1.5 Throwing
 + Level 4.1 Dodging
 - Level 2.0 Unarmed Combat
 + Level 4.8 Spellcasting
 - Level 2.0 Conjurations
 + Level 4.5 Translocations
 - Level 2.0 Air Magic
 - Level 2.1 Poison Magic


You had 4 spell levels left.
You knew the following spells:

 Your Spells              Type           Power      Damage    Failure   Level
a - Magic Dart            Conj           32%        1d4       8%          1
b - Blink                 Tloc           32%        N/A       4%          2
c - Slow                  Hex            12%        N/A       19%         1
d - Mephitic Cloud        Conj/Pois/Air  9%         N/A       22%         3
e - Call Imp              Summ           3%         N/A       26%         2
v - Teleport Other        Tloc           16%        N/A       9%          3

Your spell library contained the following spells:

 Spells                   Type           Power      Damage    Failure   Level
 Gell's Gravitas          Tloc           16%        N/A       9%          3
 Lesser Beckoning         Tloc           16%        N/A       9%          3
 Confusing Touch          Hex            3%         N/A       47%         3
 Vampiric Draining        Necr           3%         2d6       47%         3
 Manifold Assault         Tloc           16%        N/A       58%         5
 Dispersal                Tloc           8%         N/A       99%         6


Dungeon Overview and Level Annotations

Branches:
Dungeon (6/15)
 Temple: D:4-7

Altars:

Shops:
D:1 [


Innate Abilities, Weirdness & Mutations

You are too large for most types of armour.
You have tough skin. (AC +1)


Message History

The killer bee poisons you!
You miss the killer bee.
You feel very sick.
The killer bee stings you but does no damage.
The killer bee barely misses you.
You closely miss the killer bee. Your punch misses the killer bee.
You feel sick. The killer bee stings you. The killer bee barely misses you.
The killer bee stings you!
You are more poisoned.
The killer bee poisons you!
You closely miss the killer bee.
You feel very sick. The killer bee stings you. x2
* * * LOW HITPOINT WARNING * * *
You miss the killer bee.
You feel very sick.
The killer bee stings you but does no damage.
The killer bee stings you!
* * * LOW HITPOINT WARNING * * *
The killer bee stings you!
* * * LOW HITPOINT WARNING * * *
You feel better. The killer bee closely misses you. The killer bee stings you!
* * * LOW HITPOINT WARNING * * *
Casting: Magic Dart (safe; 8% risk of failure)
Confirm with . or Enter, or press ? or * to list all spells.
Aiming: Mephitic Cloud (dangerous; 22% risk of failure)
Press: ? - help, Shift-Dir - straight line, f - killer bee
Aim: a killer bee (chance to affect: 86%)
The ball explodes into a vile cloud!
The stinking cloud engulfs the killer bee but does no damage.
The stinking cloud engulfs you but does no damage.
The killer bee is engulfed in noxious fumes.
The killer bee appears confused.
The killer bee stings you.
* * * LOW HITPOINT WARNING * * *
The killer bee is engulfed in noxious fumes.
Unknown command.
You closely miss the killer bee.
There is an open door here.
The killer bee stings you!
You die...

......# ......#
...#### .### #####
..## ###≈§≈##
#..#####≈≈§.§§##
##.....#≈≈#.#§≈###
.......#≈..>...y.#
##.....##≈#.#≈§#@#
.......##≈≈.§≈##.#
.....)...#≈§§##..#
........#######.##
##.##...# #.#
#...##.########.#
#.###...##....).#
#..##.........###
.............##


You could see a killer bee.

Vanquished Creatures
  Eustachio (D:4)
  Menkaure (D:6)
  3 water moccasins
  2 ogres
  A wolf (D:6)
  2 lemures (D:6)
  Blork the orc (D:4)
  2 necrophages (D:4)
  4 scorpions
  A howler monkey (D:5)
  A jelly (D:3)
  An orc priest (D:3)
  2 hounds
  Terence (D:3)
  2 iguanas (D:5)
  An orc wizard (D:4)
  2 gnolls
  3 adders
  2 worms (D:2)
  A dart slug (D:1)
  6 orcs
  5 ball pythons
  6 endoplasms
  A giant cockroach (D:2)
  3 goblins
  7 hobgoblins
  3 quokkas
  6 bats
  2 frilled lizards
  6 kobolds
  3 rats
82 creatures vanquished.

Notes
Turn   | Place    | Note
-------+----------+-------------------------------------------
     0 | D:1      | Ignak the Ogre Warper began the quest for the Orb.
     0 | D:1      | Reached XP level 1. HP: 22/22 MP: 3/3
    19 | D:1      | Found Haxt's Antique Armour Emporium.
   271 | D:1      | Reached XP level 2. HP: 26/29 MP: 3/5
   274 | D:1      | Learned a level 2 spell: Blink
   842 | D:1      | Reached XP level 3. HP: 29/37 MP: 7/7
  1043 | D:1      | Found a faded altar of an unknown god.
  1371 | D:2      | Learned a level 3 spell: Teleport Other
  2830 | D:3      | Reached XP level 4. HP: 43/45 MP: 8/8
  2872 | D:3      | Noticed Terence
  3020 | D:3      | Killed Terence
  3393 | D:3      | Learned a level 3 spell: Mephitic Cloud
  3852 | D:3      | Reached XP level 5. HP: 11/53 MP: 9/9
  4111 | D:3      | Learned a level 1 spell: Slow
  4686 | D:4      | Noticed Blork the orc
  4752 | D:4      | Noticed Eustachio
  5464 | D:4      | Noticed an ogre
  5471 | D:4      | Killed Blork the orc
  5472 | D:4      | Reached skill level 1 in Unarmed Combat
  5472 | D:4      | Reached XP level 6. HP: 54/62 MP: 7/10
  5481 | D:4      | Reached skill level 1 in Air Magic
  5481 | D:4      | Reached skill level 1 in Poison Magic
  5491 | D:4      | Reached skill level 1 in Conjurations
  5852 | D:4      | Killed Eustachio
  5853 | D:4      | Reached XP level 7. HP: 65/70 MP: 6/12
  6843 | D:5      | Entered Level 5 of the Dungeon
  6873 | D:4      | Reached XP level 8. HP: 18/79 MP: 3/13
  7139 | D:4      | Learned a level 1 spell: Magic Dart
  7144 | D:4      | Learned a level 2 spell: Call Imp
  7981 | D:5      | Reached skill level 5 in Fighting
  8738 | D:6      | Reached skill level 5 in Maces & Flails
  8748 | D:6      | Noticed Menkaure
  8763 | D:6      | Killed Menkaure
  8805 | D:5      | HP: 4/81 [killer bee (1)]
  8814 | D:5      | Slain by a killer bee

Illustrated notes

Levels and vault maps discovered:
D:1:      evilmike_arrival_crescent, layout_rooms, basic_ecumenical_altar,
          serial_shops, nicolae_shop_crystal
D:2:      layout_basic
D:3:      layout_basic, uniq_terence
D:4:      layout_loops_ring, grunt_ministairs_8, uniq_eustachio,
          uniq_blork_the_orc
D:5:      layout_cave_pools, serial_bayou, serial_bayou_pond_b,
          serial_bayou_pond_d, serial_bayou_shore_b, serial_bayou_pond_a,
          grunt_decor_cap, kennysheep_small_circle
D:6:      layout_loops_ring, portal_sewer_entry_d, uniq_menkaure, uniq_pikel

Skill      XL: |  1  2  3  4  5  6  7  8 |
---------------+-------------------------+-----
Fighting       | 3 4 5 |  5.6
Maces & Flails | 2 3 5 |  5.2
Translocations | 3 4 |  4.5
Spellcasting   | 3 4 |  4.8
Unarmed Combat | 1 2 |  2.0
Air Magic      | 1 2 |  2.0
Poison Magic   | 1 2 |  2.1
Conjurations   | 1 2 |  2.0
Dodging        | 3 4 |  4.1
Throwing       | |  1.5

Action                   |  1- 3 |  4- 6 |  7- 9 || total
-------------------------+-------+-------+-------++-------
Melee: Mace              |    73 |       |       ||    73
       Punch             |     1 |     1 |     1 ||     3
       War axe           |    34 |    87 |    70 ||   191
       Morningstar       |       |       |    87 ||    87
Throw: Dart              |     2 |       |       ||     2
       Boomerang         |       |     6 |       ||     6
 Cast: Blink             |     1 |     3 |     2 ||     6
       Teleport Other    |       |     1 |     1 ||     2
       Mephitic Cloud    |       |     4 |     8 ||    12
       Slow              |       |     1 |    13 ||    14
       Magic Dart        |       |       |    10 ||    10
Evoke: Wand              |       |       |     1 ||     1
  Use: Potion            |     5 |     2 |     3 ||    10
       Scroll            |     1 |     5 |       ||     6
 Stab: Confused          |       |     4 |     1 ||     5
Armor: Robe              |    34 |    25 |    48 ||   107
Dodge: Dodged            |    71 |    50 |    99 ||   220

Table legend: (Time is in decaauts)
 A = Elapsed time spent in this place.
 B = Non-inter-level travel time spent in this place.
 C = Inter-level travel time spent in this place.
 D = Time resting spent in this place.
 E = Time spent auto-exploring this place.
 F = Levels seen in this place.
 G = Mean time per level.
                   A        B        C        D        E       F      G
               +--------+--------+--------+--------+--------+-----+--------+
         Total |   8959 |   8788 |    171 |   3647 |   3576 |   6 | 1493.2 |
       Dungeon |   8959 |   8788 |    171 |   3647 |   3576 |   6 | 1493.2 |
               +--------+--------+--------+--------+--------+-----+--------+

Top non-repeatable levels by time:
     D:3: 2909 daAuts
     D:4: 1891 daAuts
     D:2: 1681 daAuts
     D:5: 1273 daAuts
     D:1: 1101 daAuts
     D:6: 102 daAuts
